[ PARTIDA AOE2 · #470696056 ]
UnrankedEslavos vs Bengalis
Equipo del jugador · DERR
Equipo rival · VICT
[ ANÁLISIS DE REPETICIÓN · EXTRAÍDO DE LA PARTIDA GRABADA ]
Feudal
10:35
Castillos
16:18
Imperial
26:59
| APM promedio | 41.6 |
| APM pico | 86 |
| eAPM promedio | 16.2 |
| Aldeanos / militares | 71 / 28 |
Foco
⚔️ 18.2% · 🌾 81.8%
Boyar ×16 · Trebuchet (Packed) ×8 · Monk ×4
Feudal
11:22
Castillos
14:53
Imperial
26:48
| APM promedio | 31.9 |
| APM pico | 77 |
| eAPM promedio | 19.5 |
| Aldeanos / militares | 66 / 39 |
Foco
⚔️ 29.4% · 🌾 70.6%
Spearman ×15 · Monk ×14 · Trebuchet (Packed) ×8 · Ratha (Ranged) ×2
Mapa de la partida
Recursos iniciales + cada clic de construcción. Líneas = muros · curvas = relieve. ◆ oro · ⬟ piedra · ● bayas · ✦ reliquia · ◌ hueco del cierre
Inputs por minuto
— [CGT] TukioR - - Hagen
Build order — [CGT] TukioR
Primeras 150 de 155 acciones detectadas
| 0:00 | Crear | Villager (Male) |
| 0:01 | Crear | Villager (Male) |
| 0:01 | Crear | Villager (Male) |
| 0:03 | Construir | House |
| 0:05 | Construir | House |
| 0:27 | Crear | Villager (Male) |
| 1:39 | Crear | Villager (Male) |
| 2:00 | Construir | Lumber Camp |
| 2:00 | Crear | Villager (Male) |
| 2:01 | Crear | Villager (Male) |
| 2:24 | Crear | Villager (Male) |
| 2:27 | Crear | Villager (Male) |
| 3:11 | Crear | Villager (Male) |
| 3:41 | Crear | Villager (Male) |
| 4:00 | Construir | House |
| 4:01 | Construir | House |
| 4:05 | Crear | Villager (Male) |
| 4:40 | Crear | Villager (Male) |
| 4:40 | Crear | Villager (Male) |
| 4:51 | Construir | Mill |
| 4:54 | Crear | Villager (Male) |
| 4:54 | Crear | Villager (Male) |
| 5:10 | Crear | Villager (Male) |
| 5:10 | Crear | Villager (Male) |
| 5:23 | Crear | Villager (Male) |
| 5:23 | Crear | Villager (Male) |
| 6:13 | Crear | Villager (Male) |
| 6:35 | Construir | Mining Camp |
| 6:40 | Crear | Villager (Male) |
| 6:49 | Construir | Mining Camp |
| 7:07 | Crear | Villager (Male) |
| 7:14 | Crear | Villager (Male) |
| 7:24 | Construir | Farm |
| 7:40 | Crear | Villager (Male) |
| 8:15 | Construir | House |
| 8:18 | Investigar | Feudal Age |
| 8:23 | Construir | Farm |
| 9:20 | Construir | Barracks |
| 9:29 | Crear | Villager (Male) |
| 9:29 | Crear | Villager (Male) |
| 10:35 | Edad | Edad Feudal |
| 10:37 | Construir | Stable |
| 11:13 | Crear | Villager (Male) |
| 11:28 | Construir | Blacksmith |
| 11:50 | Crear | Villager (Male) |
| 12:06 | Construir | Farm |
| 12:09 | Crear | Villager (Male) |
| 12:26 | Construir | Farm |
| 12:38 | Crear | Villager (Male) |
| 12:51 | Construir | Farm |
| 12:54 | Crear | Villager (Male) |
| 13:38 | Investigar | Castle Age |
| 13:47 | Construir | Farm |
| 14:24 | Investigar | Forging |
| 14:24 | Investigar | Forging |
| 14:25 | Investigar | Forging |
| 15:20 | Crear | Villager (Male) |
| 15:22 | Investigar | Double-Bit Axe |
| 15:29 | Investigar | Horse Collar |
| 15:57 | Construir | Farm |
| 16:05 | Construir | House |
| 16:13 | Construir | House |
| 16:18 | Edad | Edad de los Castillos |
| 16:31 | Construir | Castle |
| 16:35 | Construir | House |
| 16:47 | Construir | Palisade Wall |
| 16:47 | Crear | Villager (Male) |
| 16:49 | Crear | Villager (Male) |
| 16:51 | Construir | Farm |
| 16:53 | Construir | Farm |
| 16:55 | Construir | Farm |
| 17:03 | Construir | House |
| 17:14 | Crear | Villager (Male) |
| 17:20 | Construir | Farm |
| 17:26 | Construir | House |
| 17:40 | Construir | Palisade Gate |
| 17:46 | Crear | Villager (Male) |
| 17:52 | Construir | Farm |
| 17:52 | Construir | Farm |
| 18:03 | Construir | Monastery |
| 18:05 | Crear | Villager (Male) |
| 18:23 | Construir | Farm |
| 18:40 | Crear | Villager (Male) |
| 18:50 | Crear | Monk |
| 18:51 | Crear | Villager (Male) |
| 18:52 | Crear | Villager (Male) |
| 18:57 | Construir | Farm |
| 19:11 | Crear | Monk |
| 19:12 | Crear | Villager (Male) |
| 19:18 | Construir | Farm |
| 19:59 | Investigar | Sanctity |
| 20:01 | Crear | Villager (Male) |
| 20:30 | Construir | Farm |
| 20:31 | Construir | Farm |
| 20:57 | Crear | Villager (Male) |
| 20:59 | Investigar | Loom |
| 21:10 | Crear | Monk |
| 21:57 | Crear | Villager (Male) |
| 21:59 | Construir | Farm |
| 22:34 | Crear | Villager (Male) |
| 22:34 | Crear | Villager (Male) |
| 22:44 | Crear | Villager (Male) |
| 22:47 | Construir | Farm |
| 22:52 | Crear | Villager (Male) |
| 22:57 | Construir | Farm |
| 22:57 | Construir | Farm |
| 23:01 | Construir | Farm |
| 23:40 | Investigar | Imperial Age |
| 23:50 | Construir | Farm |
| 24:43 | Crear | Villager (Male) |
| 25:21 | Crear | Villager (Male) |
| 25:32 | Investigar | Atonement |
| 25:47 | Construir | Market |
| 26:12 | Crear | Villager (Male) |
| 26:16 | Investigar | Bow Saw |
| 26:18 | Investigar | Heavy Plow |
| 26:29 | Investigar | Scale Barding Armor |
| 26:59 | Edad | Edad Imperial |
| 27:00 | Crear | Trebuchet (Packed) |
| 27:09 | Crear | Villager (Male) |
| 27:13 | Construir | Castle |
| 27:16 | Crear | Villager (Male) |
| 27:19 | Crear | Monk |
| 27:22 | Crear | Trebuchet (Packed) |
| 27:24 | Crear | Villager (Male) |
| 27:40 | Investigar | Light Cavalry (upgrade) |
| 27:41 | Crear | Villager (Male) |
| 27:52 | Crear | Villager (Male) |
| 28:29 | Crear | Trebuchet (Packed) |
| 29:49 | Crear | Villager (Male) |
| 29:49 | Crear | Villager (Male) |
| 29:50 | Crear | Villager (Male) |
| 29:58 | Crear | Villager (Male) |
| 29:59 | Crear | Villager (Male) |
| 29:59 | Crear | Villager (Male) |
| 30:25 | Investigar | Bloodlines |
| 30:26 | Crear | Villager (Male) |
| 30:43 | Investigar | Block Printing |
| 31:01 | Crear | Trebuchet (Packed) |
| 31:01 | Crear | Trebuchet (Packed) |
| 31:09 | Crear | Villager (Male) |
| 31:10 | Crear | Villager (Male) |
| 31:24 | Crear | Trebuchet (Packed) |
| 31:50 | Construir | Farm |
| 32:10 | Crear | Trebuchet (Packed) |
| 32:10 | Crear | Trebuchet (Packed) |
| 32:51 | Crear | Boyar ×5 |
| 32:51 | Crear | Boyar ×5 |
| 32:51 | Crear | Boyar ×5 |
| 33:17 | Crear | Boyar |
Build order — Hagen
Primeras 150 de 188 acciones detectadas
| 0:01 | Crear | Villager (Male) |
| 0:02 | Construir | House |
| 0:04 | Construir | House |
| 0:06 | Crear | Villager (Male) |
| 0:10 | Crear | Villager (Male) |
| 0:11 | Crear | Villager (Male) |
| 0:11 | Crear | Villager (Male) |
| 1:28 | Crear | Villager (Male) |
| 1:29 | Crear | Villager (Male) |
| 1:58 | Construir | Lumber Camp |
| 2:00 | Crear | Villager (Male) |
| 2:00 | Crear | Villager (Male) |
| 2:01 | Crear | Villager (Male) |
| 2:43 | Crear | Villager (Male) |
| 3:07 | Crear | Villager (Male) |
| 3:07 | Crear | Villager (Male) |
| 3:26 | Construir | House |
| 3:27 | Construir | House |
| 3:39 | Crear | Villager (Male) |
| 4:04 | Crear | Villager (Male) |
| 4:04 | Crear | Villager (Male) |
| 4:13 | Construir | Mill |
| 4:37 | Crear | Villager (Male) |
| 4:37 | Crear | Villager (Male) |
| 5:15 | Crear | Villager (Male) |
| 5:38 | Crear | Villager (Male) |
| 5:38 | Crear | Villager (Male) |
| 6:19 | Construir | Farm |
| 6:21 | Construir | Farm |
| 6:37 | Crear | Villager (Male) |
| 7:03 | Crear | Villager (Male) |
| 7:17 | Construir | House |
| 7:23 | Construir | House |
| 7:25 | Construir | House |
| 7:30 | Crear | Villager (Male) |
| 7:30 | Crear | Villager (Male) |
| 7:46 | Construir | Mining Camp |
| 8:16 | Crear | Villager (Male) |
| 8:24 | Crear | Villager (Male) |
| 8:32 | Investigar | Feudal Age |
| 8:51 | Construir | Mining Camp |
| 8:58 | Construir | Farm |
| 9:16 | Crear | Villager (Male) |
| 9:16 | Crear | Villager (Male) |
| 11:22 | Edad | Edad Feudal |
| 11:23 | Construir | Blacksmith |
| 11:25 | Construir | Market |
| 12:13 | Investigar | Castle Age |
| 12:13 | Investigar | Castle Age |
| 12:22 | Investigar | Double-Bit Axe |
| 12:40 | Crear | Villager (Male) |
| 13:11 | Construir | Barracks |
| 13:23 | Investigar | Loom |
| 13:58 | Crear | Spearman |
| 13:58 | Crear | Spearman |
| 14:12 | Construir | Farm |
| 14:14 | Construir | Farm |
| 14:46 | Crear | Villager (Male) |
| 14:53 | Edad | Edad de los Castillos |
| 15:01 | Construir | Castle |
| 15:03 | Construir | Mining Camp |
| 15:18 | Construir | House |
| 15:38 | Crear | Villager (Male) |
| 15:44 | Construir | House |
| 15:47 | Construir | House |
| 15:49 | Construir | House |
| 16:12 | Crear | Villager (Male) |
| 16:16 | Construir | House |
| 16:18 | Construir | House |
| 16:20 | Construir | House |
| 16:22 | Construir | House |
| 16:24 | Construir | House |
| 16:25 | Construir | House |
| 16:26 | Construir | House |
| 16:28 | Construir | House |
| 16:30 | Construir | House |
| 16:31 | Construir | House |
| 16:32 | Construir | House |
| 16:34 | Construir | House |
| 16:36 | Construir | House |
| 16:38 | Construir | House |
| 16:39 | Construir | House |
| 16:40 | Crear | Villager (Male) |
| 16:43 | Crear | Villager (Male) |
| 16:50 | Construir | House |
| 16:52 | Construir | House |
| 17:14 | Construir | Outpost |
| 17:18 | Crear | Villager (Male) |
| 17:23 | Construir | House |
| 17:25 | Construir | House |
| 17:26 | Construir | House |
| 17:27 | Construir | House |
| 17:39 | Crear | Villager (Male) |
| 17:43 | Crear | Villager (Male) |
| 17:53 | Crear | Ratha (Ranged) |
| 17:58 | Crear | Villager (Male) |
| 18:19 | Investigar | Town Watch |
| 18:32 | Crear | Ratha (Ranged) |
| 19:03 | Crear | Villager (Male) |
| 19:07 | Construir | Monastery |
| 19:26 | Crear | Villager (Male) |
| 19:29 | Construir | Farm |
| 19:44 | Crear | Villager (Male) |
| 19:53 | Crear | Monk |
| 20:08 | Crear | Villager (Male) |
| 20:27 | Crear | Monk |
| 20:28 | Crear | Villager (Male) |
| 20:30 | Construir | Farm |
| 20:31 | Construir | Farm |
| 20:33 | Crear | Villager (Male) |
| 21:01 | Construir | Farm |
| 21:57 | Construir | Palisade Wall |
| 21:59 | Construir | Palisade Wall |
| 22:00 | Construir | Palisade Wall |
| 22:03 | Construir | Palisade Wall |
| 22:17 | Construir | Palisade Wall |
| 22:27 | Crear | Villager (Male) |
| 22:48 | Construir | Farm |
| 22:51 | Construir | Farm |
| 22:53 | Construir | Farm |
| 23:03 | Crear | Monk |
| 23:13 | Construir | Farm |
| 23:27 | Construir | Monastery |
| 23:38 | Investigar | Imperial Age |
| 23:53 | Construir | Monastery |
| 24:20 | Investigar | Gold Mining |
| 24:40 | Crear | Monk |
| 25:32 | Crear | Monk |
| 25:40 | Investigar | Sanctity |
| 25:41 | Investigar | Atonement |
| 25:52 | Construir | Monastery |
| 25:54 | Construir | Barracks |
| 25:57 | Investigar | Pikeman (upgrade) |
| 25:57 | Crear | Spearman |
| 25:57 | Crear | Spearman |
| 25:58 | Crear | Spearman |
| 26:07 | Crear | Villager (Male) |
| 26:35 | Crear | Monk |
| 26:44 | Crear | Monk |
| 26:48 | Edad | Edad Imperial |
| 26:49 | Crear | Trebuchet (Packed) |
| 26:49 | Crear | Trebuchet (Packed) |
| 27:05 | Investigar | Scale Mail Armor |
| 27:23 | Crear | Trebuchet (Packed) |
| 27:24 | Crear | Monk |
| 27:45 | Crear | Villager (Male) |
| 27:54 | Crear | Spearman |
| 27:59 | Crear | Trebuchet (Packed) |
| 28:26 | Crear | Spearman |
| 28:37 | Investigar | Block Printing |
Cronología de la partida
| 9:20 | [CGT] TukioR · first_building Barracks |
| 10:35 | [CGT] TukioR · age_up feudal |
| 10:37 | [CGT] TukioR · first_building Stable |
| 11:22 | Hagen · age_up feudal |
| 13:11 | Hagen · first_building Barracks |
| 14:53 | Hagen · age_up castle |
| 15:01 | Hagen · first_building Castle |
| 16:18 | [CGT] TukioR · age_up castle |
| 16:31 | [CGT] TukioR · first_building Castle |
| 16:47 | [CGT] TukioR · wall_segment Palisade Wall x1 |
| 18:03 | [CGT] TukioR · first_building Monastery |
| 19:07 | Hagen · first_building Monastery |
| 21:03 | Hagen · first_market_buy 100 food |
| 21:57 | Hagen · wall_segment Palisade Wall x1 |
| 21:59 | Hagen · wall_segment Palisade Wall x1 |
| 22:00 | Hagen · wall_segment Palisade Wall x1 |
| 22:03 | Hagen · wall_segment Palisade Wall x1 |
| 22:17 | Hagen · wall_segment Palisade Wall x1 |
| 23:09 | Hagen · first_market_sell 100 wood |
| 26:48 | Hagen · age_up imperial |
| 26:59 | [CGT] TukioR · age_up imperial |
| 30:03 | [CGT] TukioR · first_market_sell 100 food |
| 30:59 | [CGT] TukioR · first_market_buy 100 wood |
| 34:10 | [CGT] TukioR · resign |
[ ANÁLISIS IA · 1 CRÉDITO ]
¿Qué pasó realmente en esta partida?
Wolo.gg analiza cada decisión: build order, eco, micro, errores típicos por bracket. Análisis personalizado por WhatsApp o Discord en 30 segundos.
Guía civ
Eslavos
Perfil
Jugador #7268181